 Dungeon Crawl Stone Soup version 0.26.0-57-g60708a5e39 (webtiles) character file.

Game seed: 11457257258101018699

183 Gadfly the Cudgeller (level 5, -7/50 HPs)
             Began as an Ogre Gladiator on Feb 2, 2021.
             Was an Initiate of the Shining One.
             Mangled by an iguana (9 damage)
             ... on level 3 of the Dungeon.
             The game lasted 00:04:31 (2973 turns).

Gadfly the Cudgeller (Ogre Gladiator)               Turns: 2973, Time: 00:04:31

Health: -7/50      AC:  3    Str: 19    XL:     5   Next: 62%
Magic:  6/6        EV: 10    Int:  9    God:    the Shining One [......]
Gold:   102        SH:  0    Dex: 10    Spells: 4/4 levels left

rFire    . . .     SeeInvis .   b - +2 spear (freeze)
rCold    . . .     Faith    .   (no shield)
rNeg     . . .     Spirit   .   e - +0 animal skin
rPois    .         Reflect  .   c - +0 hat
rElec    .         Harm     .   (no cloak)
rCorr    .         Rampage  .   (gloves unavailable)
Will     .....                  (boots unavailable)
Stlth    +.........             o - amulet of regeneration
HPRegen  0.56/turn              (no ring)
MPRegen  0.10/turn              (no ring)

@: lethally poisoned (-7 -> -24), about to teleport, glowing
A: large, unfitting armour, antennae 2, tough skin 1
a: Renounce Religion


You were on level 3 of the Dungeon.
You worshipped the Shining One.
The Shining One was noncommittal.
You visited 1 branch of the dungeon, and saw 4 of its levels.

You collected 102 gold pieces.

Inventory:

Hand Weapons
 a - a +0 flail
 b - a +2 spear of freezing (weapon)
Missiles
 d - 3 throwing nets (quivered)
 m - 84 stones
 n - 5 boomerangs
Armour
 c - a +0 hat (worn)
 e - a +0 animal skin (worn)
Jewellery
 o - an amulet of regeneration (around neck)
Wands
 p - a wand of acid (9)
Scrolls
 f - 5 scrolls of remove curse
 h - a scroll of teleportation
Potions
 g - a potion of lignification
 i - a potion of flight {unknown}
 k - a potion of curing


   Skills:
 + Level 2.6 Fighting
 * Level 3.1 Maces & Flails
 * Level 2.6 Throwing
 * Level 1.8 Armour
 - Level 2.6 Dodging
 + Level 2.6 Invocations
 * Level 2.0 Evocations


You had 4 spell levels left.
You didn't know any spells.
Your spell library contained the following spells:

 Spells                   Type           Power        Failure   Level
 Beastly Appendage        Tmut           0%           38%         1
 Wereblood                Tmut           0%           52%         2
 Spider Form              Tmut/Pois      0%           77%         3
 Ice Form                 Ice/Tmut       0%           99%         4
 Blade Hands              Tmut           0%           100%        5


Dungeon Overview and Level Annotations

Branches:
Dungeon (4/15)
 Temple: D:4-7

Altars:
Elyvilon
Vehumet
Xom
Zin
The Shining One


Innate Abilities, Weirdness & Mutations

You are too large for most types of armour.
You have tough skin. (AC +1)
You have a pair of antennae on your head.


Message History

You hit the orc wizard. You freeze the orc wizard.
The orc wizard is moderately wounded.
You feel sick.
The giant cockroach bites you but does no damage.
The orc hits you but does no damage.
The orc wizard mumbles some strange words.
The orc wizard seems to speed up.
The iguana bites you but does no damage.
The giant cockroach bites you.
* * * LOW HITPOINT WARNING * * *
As you read the scroll of teleportation, it crumbles to dust.
You feel strangely unstable.
You feel sick.
The orc wizard casts a spell.
The orc wizard blinks!
The orc hits you with a +2 morningstar of venom!
* * * LOW HITPOINT WARNING * * *
You are more poisoned.
The orc wizard hits you but does no damage.
The giant cockroach barely misses you. The iguana bites you!
You die...

#.....# #.....# ######### #.....#
........# ####.....#############
........# #..+.....'............
######..####.##.....###########.#
# #........###.#### #.#
#####..#.#..####o##### #.#
..............§o@#...# #.#
#####..#....#..lB#.#.# #..
#####..#....o......#.# ###
....#..#...####..###.############
###.#..#..........<#.............
#...######.#####.#.##############
#.##.........................#
'..#.#####.#####.#.###♣♣♣###.####
####.# #..#........♣♣♣♣♣ #.#...


You could see an iguana, 2 orc wizards, an orc and a giant cockroach.

Vanquished Creatures
  Jessica (D:2)
  Robin (D:2)
  5 adders (D:2)
  2 oozes
  A worm (D:2)
  A dart slug (D:1)
  2 leopard geckos (D:1)
  9 orcs
  3 giant cockroaches
  18 goblins
  7 hobgoblins
  2 jackals (D:2)
  9 kobolds
  A quokka (D:2)
  A ball python (D:1)
  5 bats
  3 frilled lizards
  9 rats
80 creatures vanquished.

Notes
Turn   | Place    | Note
-------+----------+-------------------------------------------
     0 | D:1      | Gadfly the Ogre Gladiator began the quest for the Orb.
     0 | D:1      | Reached XP level 1. HP: 22/22 MP: 1/1
   197 | D:1      | Reached XP level 2. HP: 29/29 MP: 2/2
   279 | D:1      | You fall into a shaft and drop 1 floor!
   279 | D:2      | Noticed Jessica
   282 | D:2      | Killed Jessica
   283 | D:2      | Reached skill level 1 in Armour
   283 | D:2      | Reached skill level 1 in Invocations
   283 | D:2      | Reached skill level 1 in Evocations
   283 | D:2      | Reached XP level 3. HP: 30/36 MP: 2/4
  1115 | D:2      | Reached XP level 4. HP: 41/44 MP: 5/5
  1400 | D:2      | Reached skill level 3 in Maces & Flails
  1641 | D:2      | Reached XP level 5. HP: 38/50 MP: 6/6
  1821 | D:2      | Noticed Robin
  1839 | D:2      | Killed Robin
  2310 | D:2      | Found a shimmering altar of Xom.
  2337 | D:3      | Found a glowing golden altar of the Shining One.
  2338 | D:3      | Found a glowing silver altar of Zin.
  2339 | D:3      | Found a white marble altar of Elyvilon.
  2358 | D:3      | Became a worshipper of the Shining One
  2492 | D:3      | Found a radiant altar of Vehumet.
  2938 | D:3      | Gained mutation: You have a pair of small antennae on your
                  | head. [potion of mutation]
  2938 | D:3      | Gained mutation: You have a pair of antennae on your head.
                  | [potion of mutation]
  2973 | D:3      | HP: 2/50 [orc/+2 morningstar of venom (9)]
  2973 | D:3      | Mangled by an iguana

Illustrated notes

Levels and vault maps discovered:
D:1:      wander_arrival_chamber, layout_basic, minmay_split_cup_large
D:2:      layout_rooms, general_overflow_altar, nrook_mini_backslash,
          uniq_robin, uniq_jessica
D:3:      layout_basic, good_gods_temple_1, lemuel_doored_altar
D:4:      layout_cave_pools, ebering_ghost_sewer_f

Skill      XL: |  1  2  3  4  5 |
---------------+----------------+-----
Armour         | 1 |  1.8
Invocations    | 1 2 |  2.6
Evocations     | 1 2 |  2.0
Maces & Flails | 3 |  3.1
Fighting       | |  2.6
Throwing       | |  2.6
Dodging        | |  2.6

Action                   |  1- 3 |  4- 6 || total
-------------------------+-------+-------++-------
Melee: Flail             |    68 |   119 ||   187
       Spear             |       |    58 ||    58
  Use: Scroll            |       |    10 ||    10
       Potion            |       |     4 ||     4
 Stab: Sleeping          |     1 |     1 ||     2
       Distracted        |       |     1 ||     1
Armor: Robe              |    17 |    21 ||    38
       Animal skin       |       |    28 ||    28
Dodge: Dodged            |    44 |   109 ||   153
